 Seeded DCSS version 0.27-a0-695-gb4952372f7 (webtiles) character file.

Game seed: 20210322 (custom seed)

2335 Snicker the Sneak (level 9, -6/66 HPs)
             Began as a Demonspawn Brigand on Mar 22, 2021.
             Was an Initiate of Gozag.
             Mangled by a yak (14 damage)
             ... on level 6 of the Dungeon.
             The game lasted 00:12:38 (7781 turns).

Snicker the Sneak (Demonspawn Brigand)              Turns: 7781, Time: 00:12:39

Health: -6/66      AC:  8    Str: 11    XL:     9   Next: 19%
Magic:  0/9        EV: 14    Int: 13    God:    Gozag
Gold:   294        SH:  0    Dex: 18    Spells: 6/8 levels left

rFire    . . .     SeeInvis .   a - +1 dagger (venom)
rCold    + . .     Faith    .   (no shield)
rNeg     . . .     Spirit   +   p - +2 robe {rC+}
rPois    .         Reflect  .   (no helmet)
rElec    .         Harm     .   c - +0 cloak
rCorr    .         Rampage  .   t - +0 pair of gloves
Will     .....                  (no boots)
Stlth    ++........             w - amulet "Faikhad" {Spirit Slay+3}
HPRegen  0.21/turn              j - ring of wizardry
MPRegen  0.11/turn              (no ring)

@: confused, gold aura
A: talons 1, iridescent scales 1, powered by pain 1
a: Renounce Religion, Potion Petition, Call Merchant, Bribe Branch


You were on level 6 of the Dungeon.
You worshipped Gozag.
Gozag was aware of your devotion.
You visited 2 branches of the dungeon, and saw 7 of its levels.

You collected 413 gold pieces.
You paid 119 gold pieces to Gozag.

Inventory:

Hand Weapons
 a - a +1 dagger of venom (weapon)
 h - a +2 dagger
Missiles
 d - 25 poisoned darts
 e - 2 curare-tipped darts (quivered)
Armour
 b - a +0 robe
 c - a +0 cloak (worn)
 p - a +2 robe of cold resistance (worn)
 t - a +0 pair of gloves (worn)
Jewellery
 g - an amulet of magic regeneration
 j - a ring of wizardry (right hand)
 m - an amulet of guardian spirit
 v - an amulet of the acrobat
 w - the amulet "Faikhad" (around neck) {Spirit Slay+3}
   (You found it on level 5 of the Dungeon)

   [amulet of guardian spirit]

   It causes incoming damage to be split between your health and magic.
   It affects your accuracy and damage with ranged weapons and melee attacks
   (+3).
Wands
 y - a wand of mindburst (14)
Scrolls
 f - 2 scrolls of immolation {unknown}
 k - a scroll of amnesia {unknown}
 l - 3 scrolls of teleportation {unknown}
 n - a scroll of holy word {unknown}
 o - 6 scrolls of identify {unknown}
 q - a scroll of acquirement {unknown}
 s - a scroll of random uselessness {unknown}
 x - a scroll of blinking {unknown}
Potions
 i - 2 potions of heal wounds
 r - a potion of cancellation
 u - 2 potions of curing


   Skills:
 + Level 4.4 Fighting
 * Level 7.0 Short Blades
 + Level 1.8 Throwing
 + Level 5.0 Dodging
 * Level 7.9 Stealth


You had 6 spell levels left.
You knew the following spells:

 Your Spells              Type           Power      Damage    Failure   Level
a - Blink                 Tloc           N/A        N/A       19%         2

Your spell library contained the following spells:

 Spells                   Type           Power      Damage    Failure   Level
 Magic Dart               Conj           0%         1d3       12%         1
 Call Imp                 Summ           0%         N/A       19%         2
 Slow                     Hex            0%         N/A       19%         2
 Conjure Flame            Conj/Fire      0%         6-21      34%         3
 Mephitic Cloud           Conj/Pois/Air  0%         N/A       34%         3


Dungeon Overview and Level Annotations

Branches:
Dungeon (6/15)             Temple (1/1) D:6

Altars:
Ashenzari
Cheibriados
Dithmenos
Fedhas
Gozag
Hepliaklqana
Makhleb
Nemelex Xobeh
Okawaru
Ru
Sif Muna
Trog
Uskayaw
Vehumet
Wu Jian
Xom
Yredelemnul
Zin
The Shining One

Annotations:
D:4 2 transporters, Dittersdorf's ghost, novice GrFi


Innate Abilities, Weirdness & Mutations

You have sharp toenails.
You are partially covered in iridescent scales. (AC +2)
You sometimes gain a little power by taking damage.


Message History

The orc becomes distracted by the nearby gold, dreaming of imaginary riches.
The orc shouts!
You hit something. Your kick misses something. Something hits you.
You closely miss something.
The orc is no longer distracted by gold.
You miss something. Something hits you but does no damage.
You closely miss something. You claw something. You miss something.
Something hits you but does no damage.
You barely miss something. You claw something. Something hits you.
You hit something.
Reactivating autopickup.
You feel a bit more experienced.
You hit the yak.
The yak is poisoned.
The yak is lightly wounded.
The yak gores you! Something hits you but does no damage.
Deactivating autopickup; reactivate with Ctrl-A.
You hit the yak.
The yak looks as sick as possible!
Your kick misses the yak.
The yak is moderately wounded.
You hit the yak. You claw the yak.
The yak is severely wounded.
The orc becomes distracted by the nearby gold, dreaming of imaginary riches.
The yak gores you! Something hits you.
* * * LOW HITPOINT WARNING * * *
Something freezes you.
* * * LOW HITPOINT WARNING * * *
You barely miss something. Your kick misses something.
The yak completely misses you. Something hits you.
* * * LOW HITPOINT WARNING * * *
Unknown command.
You hit something. You claw something.
Unknown command.
You hit something. Your kick misses something. The yak gores you.
* * * LOW HITPOINT WARNING * * *
You hear some strange, mumbled words.
You are confused.
You bump into the rock wall.
Reactivating autopickup.
You feel a bit more experienced. The yak gores you!
You die...
Your body crumbles into a pile of gold.

.......#.#.............####.....#
..................##.#o.##.......
_...........#..#######o$##.......
....##.####.>....# ###..#.......#
._...#.#####'###.###...###......#
...#.....#≈≈≈≈≈#..##....###...###
_.#..###.#≈≈≈≈≈#.##.......#####
..#..# #.#≈≈≈≈≈#.###........#
.....###.#≈≈≈≈≈#@Yoo.........#
..#...##.###+###$##..>........
###......# #..............#...
###...## ###<.#.............
##...# ##.#........... #...#
#####........# #...# ###......#
#...# (.#...# ##### ####.##


You could see a yak (extremely poisoned) and 2 orcs.

Vanquished Creatures
  Prince Ribbit (D:5)
  2 yaks (D:6)
  Eustachio (D:5)
  An orc warrior (D:6)
  A sky beast (D:6)
  2 ice beasts (D:6)
  2 ogres
  2 centaurs
  A bullfrog (D:6)
  A centaur skeleton (D:6)
  3 jellies
  4 orc priests
  Jessica (D:3)
  An iguana (D:4)
  9 worker ants
  6 orc wizards
  A killer bee zombie (D:6)
  A hound zombie (D:5)
  14 adders
  A shadow imp (D:5)
  An ufetubus (D:4)
  An ooze (D:4)
  5 worms
  2 leopard geckos
  18 orcs
  4 bats
  2 giant cockroaches
  10 hobgoblins
  16 jackals
  A quokka (D:4)
  7 frilled lizards
  10 goblins
  7 kobolds
  A leopard gecko skeleton (D:5)
  5 rats
145 creatures vanquished.

Vanquished Creatures (others)
  2 fungi (D:5)
2 creatures vanquished.

Grand Total: 147 creatures vanquished

Notes
Turn   | Place    | Note
-------+----------+-------------------------------------------
     0 | D:1      | Snicker the Demonspawn Brigand began the quest for the Orb.
     0 | D:1      | Reached XP level 1. HP: 16/16 MP: 1/1
    30 | D:1      | Reached skill level 1 in Dodging
   218 | D:1      | Gained mutation: You sometimes gain a little power by
                  | taking damage. [demonic ancestry]
   218 | D:1      | Reached XP level 2. HP: 22/22 MP: 2/2
  1004 | D:2      | Reached XP level 3. HP: 27/27 MP: 3/3
  1736 | D:2      | Reached XP level 4. HP: 33/33 MP: 4/4
  1885 | D:2      | Found a faded altar of an unknown god.
  2232 | D:3      | Learned a level 2 spell: Blink
  2476 | D:3      | Noticed a centaur
  2485 | D:3      | Killed a centaur
  2486 | D:3      | Reached skill level 5 in Stealth
  2486 | D:3      | Reached XP level 5. HP: 13/39 MP: 2/5
  2819 | D:3      | Noticed Jessica
  2834 | D:3      | Killed Jessica
  3569 | D:4      | Gained mutation: You are partially covered in iridescent
                  | scales. (AC +2) [demonic ancestry]
  3569 | D:4      | Reached XP level 6. HP: 31/46 MP: 2/6
  3831 | D:4      | Found a transporter.
  3845 | D:4      | Found a transporter.
  4810 | D:4      | Reached XP level 7. HP: 39/51 MP: 4/7
  5017 | D:5      | Entered Level 5 of the Dungeon
  5107 | D:5      | Identified the amulet "Faikhad" {Spirit Slay+3}
  5433 | D:5      | Noticed Prince Ribbit
  5461 | D:5      | Killed Prince Ribbit
  5462 | D:5      | Reached skill level 5 in Short Blades
  5694 | D:5      | Found a burning altar of Makhleb.
  5819 | D:5      | Noticed Eustachio
  5844 | D:5      | Killed Eustachio
  5845 | D:5      | Reached XP level 8. HP: 30/58 MP: 4/8
  6503 | D:4      | Noticed Dittersdorf's ghost (novice GrFi)
  7156 | D:6      | Found a staircase to the Ecumenical Temple.
  7165 | Temple   | Entered the Ecumenical Temple
  7392 | Temple   | Became a worshipper of Gozag Ym Sagoz the Greedy
  7434 | D:6      | Found a shimmering altar of Xom.
  7436 | D:6      | Found a bloodstained altar of Trog.
  7453 | D:6      | Found a radiant altar of Vehumet.
  7453 | D:6      | Found a snail-covered altar of Cheibriados.
  7453 | D:6      | Found a broken altar of Ashenzari.
  7453 | D:6      | Found a sacrificial altar of Ru.
  7453 | D:6      | Found a hide-covered altar of Uskayaw.
  7455 | D:6      | Found a sparkling altar of Nemelex Xobeh.
  7688 | D:6      | Gained mutation: You have sharp toenails. [demonic
                  | ancestry]
  7688 | D:6      | Reached XP level 9. HP: 65/65 MP: 9/9
  7760 | D:6      | Reached skill level 5 in Dodging
  7781 | D:6      | Mangled by a yak

Illustrated notes

Levels and vault maps discovered:
D:1:      minmay_arrival_cross, layout_loops_ring
D:2:      layout_rooms, chequers_ecumenical_altar_twisty,
          kennysheep_generic_room_15
D:3:      layout_basic, wander_ebering_terrifying_dragon_lair, uniq_jessica
D:4:      layout_gridville, gammafunk_ghost_stat_death
D:5:      layout_rooms, general_overflow_altar, portal_sewer_entry_d,
          serial_aquarium, aquarium_bridge_square [aquarium_subvault_bridge,
          aquarium_subvault_bridge, aquarium_subvault_wall,
          aquarium_subvault_wall], aquarium_window_corridor_3,
          aquarium_window_double, aquarium_view_2e, aquarium_pool_side,
          uniq_eustachio, uniq_prince_ribbit1
D:6:      minmay_general_purpose_star, layout_cave_pools,
          grunt_temple_overflow_open, minmay_temple_entry_antechambers,
          serial_rivers, chequers_serial_rivers_micro_a,
          chequers_serial_rivers_large_a, chequers_serial_rivers_room_b,
          chequers_serial_rivers_small_b, chequers_serial_rivers_micro_a
Temple:   dpeg_chambers_temple

Skill      XL: |  1  2  3  4  5  6  7  8  9 |
---------------+----------------------------+-----
Dodging        | 1 2 3 4 5 |  5.0
Stealth        | 4 5 6 7 |  7.9
Short Blades   | 2 3 4 5 6 7 |  7.0
Fighting       | 3 4 |  4.4
Throwing       | |  1.8

Action                   |  1- 3 |  4- 6 |  7- 9 || total
-------------------------+-------+-------+-------++-------
Melee: Dagger            |    74 |   200 |   274 ||   548
       Kick              |       |       |     8 ||     8
Throw: Dart              |     1 |     1 |       ||     2
  Use: Potion            |     5 |     2 |       ||     7
 Stab: Sleeping          |     6 |    16 |     3 ||    25
       Distracted        |       |       |     1 ||     1
Armor: Robe              |    16 |    52 |   109 ||   177
       Skin              |     8 |       |       ||     8
Dodge: Dodged            |    39 |   103 |   200 ||   342

Table legend: (Time is in decaauts)
 A = Elapsed time spent in this place.
 B = Non-inter-level travel time spent in this place.
 C = Inter-level travel time spent in this place.
 D = Time resting spent in this place.
 E = Time spent auto-exploring this place.
 F = Levels seen in this place.
 G = Mean time per level.
                   A        B        C        D        E       F      G
               +--------+--------+--------+--------+--------+-----+--------+
         Total |   7668 |   7325 |    343 |   1237 |   4827 |   7 | 1095.4 |
       Dungeon |   7414 |   7114 |    300 |   1237 |   4617 |   6 | 1235.7 |
        Temple |    254 |    211 |     43 |      0 |    210 |   1 |  254.0 |
               +--------+--------+--------+--------+--------+-----+--------+

Top non-repeatable levels by time:
     D:4: 1543 daAuts
     D:3: 1476 daAuts
     D:5: 1447 daAuts
     D:2: 1154 daAuts
     D:6: 942 daAuts
     D:1: 849 daAuts
  Temple: 254 daAuts
